 Dungeon Crawl Stone Soup version 0.31-a0-818-ge7c7cf74f0 (webtiles) character file.

Game seed: 12779616587852355144

457 Bnni the Vexing (level 7, 0/51 HPs)
             Began as a Formicid Hexslinger on Sept 23, 2023.
             Slain by an orc wizard
             ... wielding a +0 dagger
              (3 damage)
             ... on level 3 of the Dungeon.
             The game lasted 00:04:15 (2824 turns).

Bnni the Vexing (Formicid Hexslinger)               Turns: 2824, Time: 00:04:17

Health: 0/51       AC:  6    Str: 13    XL:     7   Next: 27%
Magic:  10/10      EV: 12    Int: 12    God:
Gold:   184        SH:  0    Dex: 18    Spells: 2/11 levels left

rFire   . . .        a - +1 sling
rCold   . . .        (no shield)
rNeg    + . .        n - +1 robe {rN+}
rPois   .            (helmet unavailable)
rElec   .            (no cloak)
rCorr   .            k - +2 pair of gloves
SInv    +            (no boots)
Will    .....        (no amulet)
Stlth   +            (no ring)
HPRegen 0.28/turn    (no ring)
MPRegen 0.12/turn

%: no passive effects
@: confused, weak-willed
A: permanent stasis, dig shafts and tunnels, antennae 3, four strong arms
a: Dig, Shaft Self


You were on level 3 of the Dungeon.
You visited 1 branch of the dungeon, and saw 3 of its levels.

You collected 184 gold pieces.

Inventory:

Hand Weapons
 a - a +1 sling (weapon)
 p - a +1 dagger of venom
Armour
 k - a +2 pair of gloves (worn)
 n - a +1 robe of positive energy (worn)
Scrolls
 b - a scroll of poison
 d - 2 scrolls of enchant armour {unknown}
 e - a scroll of fear {unknown}
 f - 3 scrolls of teleportation {unknown}
 g - 2 scrolls of blinking {unknown}
 h - a scroll of identify {unknown}
 l - a scroll of amnesia {unknown}
Potions
 c - a potion of enlightenment {unknown}
 i - 2 potions of berserk rage
 j - a potion of curing {unknown}
 m - a potion of brilliance {unknown}
 o - a potion of lignification {unknown}


   Skills:
 + Level 2.9 Fighting
 * Level 4.2 Ranged Weapons
 - Level 1.7 Dodging
 + Level 2.5 Spellcasting
 * Level 5.8 Hexes
 - Level 3.0 Fire Magic


You had 2 spell levels left.
You knew the following spells:

 Your Spells              Type           Power      Damage    Failure   Level
a - Jinxbite              Hex            30%        N/A       3%          2
b - Inner Flame           Hex/Fire       12%        N/A       13%         3
d - Cause Fear            Hex            7%         N/A       24%         4

Your spell library contained the following spells:

 Spells                   Type           Power      Damage    Failure   Level
 Ensorcelled Hibernation  Hex/Ice        16%        N/A       12%         2
 Freeze                   Ice            4%         1d3       26%         1
 Magic Dart               Conj           4%         1d3       26%         1
 Necrotise                Necr           4%         1d4       26%         1
 Call Imp                 Summ           2%         N/A       36%         2
 Lesser Beckoning         Tloc           2%         N/A       36%         2
 Sigil of Binding         Hex            15%        N/A       7%          3
 Frozen Ramparts          Ice            2%         1d1       61%         3
 Gell's Gravitas          Tloc           1%         N/A       61%         3
 Hailstorm                Conj/Ice       1%         3d3       61%         3
 Mephitic Cloud           Conj/Pois/Air  1%         N/A       61%         3
 Teleport Other           Tloc           1%         N/A       61%         3
 Vampiric Draining        Necr           1%         2d6       61%         3
 Anguish                  Hex/Necr       4%         N/A       61%         4
 Dimensional Bullseye     Hex/Tloc       4%         N/A       61%         4
 Agony                    Necr           1%         N/A       100%        5


Dungeon Overview and Level Annotations

Branches:
Dungeon (3/15)

Altars:
Kikubaaqudgha
Sif Muna
Vehumet


Innate Abilities, Weirdness & Mutations

You cannot be hasted, slowed, berserked, paralysed or teleported.
You can dig through walls and to a lower floor.
You have a pair of large antennae on your head. (SInv)
Your four strong arms can wield two-handed weapons with a shield.


Message History

The orc wizard hits you but does no damage.
The orc wizard points at you and mumbles some strange words.
You are more confused.
You are too confused!
Unknown command.
You are too confused!
You shoot a sling bullet. The sling bullet hits the orc wizard.
The orc wizard is moderately wounded.
The orc wizard closely misses you.
The orc wizard hits you with a +0 dagger.
The orc wizard hits you but does no damage.
You shoot a sling bullet.
The orc wizard gestures at you while chanting.
You are more confused.
The orc wizard hits you but does no damage.
The orc wizard hits you with a +0 dagger.
You shoot a sling bullet.
The orc wizard hits you with a +0 dagger.
The orc wizard hits you but does no damage. x2
You shoot a sling bullet.
The orc wizard points at you and mumbles some strange words.
The puff of flame hits you. The orc wizard closely misses you.
The orc wizard hits you with a +0 dagger.
* * * LOW HITPOINT WARNING * * *
It was a potion of berserk rage.
Your stasis prevents you from going berserk.
The orc wizard points at you and mumbles some strange words.
You are more confused.
The orc wizard points at you and mumbles some strange words.
The magic dart hits you.
* * * LOW HITPOINT WARNING * * *
The orc wizard hits you but does no damage.
The orc wizard points at you and mumbles some strange words.
The puff of flame hits you!
* * * LOW HITPOINT WARNING * * *
The orc wizard attacks as it pursues you!
The orc wizard hits you with a +0 dagger.
* * * LOW HITPOINT WARNING * * *
The orc wizard hits you with a +0 dagger.
You die...

)...................#.#.#.#......
....................#.#.#.###.##.
....................#.#.#.###.###
...)...))........................
.......÷..^.......###.###.#..####
.................##.....###.. #
.....[..........##..⌠.⌠..##.# #
...............##....⌠....## #
...............#@...⌠.⌠....# #
......)........#ooo........# .
...............##)###)###)## ..
...............#...#...#...# ..
...............#._.#._.#._.#
...............#############
...............##.#
#.............###.#
#################.#


You could see 3 orc wizards.

Vanquished Creatures
  Sigmund (D:2)
  2 orc priests (D:3)
  Jessica (D:3)
  3 orc wizards (D:3)
  3 adders
  2 worms
  3 dart slugs
  7 orcs (D:3)
  7 bats
  6 endoplasms
  8 giant cockroaches
  13 goblins
  10 hobgoblins
  4 jackals (D:1)
  3 quokkas
  6 ball pythons
  5 frilled lizards
  5 kobolds
  13 rats
102 creatures vanquished.

Notes
Turn   | Place    | Note
-------+----------+-------------------------------------------
     0 | D:1      | Bnni the Formicid Hexslinger began the quest for the Orb.
     0 | D:1      | Reached XP level 1. HP: 15/15 MP: 2/2
    87 | D:1      | Reached XP level 2. HP: 21/21 MP: 3/3
   276 | D:1      | Reached skill level 4 in Hexes
   294 | D:1      | Learned a level 2 spell: Jinxbite
   330 | D:1      | Reached XP level 3. HP: 23/26 MP: 3/5
  1029 | D:2      | Reached XP level 4. HP: 32/32 MP: 6/6
  1436 | D:2      | Noticed Sigmund
  1441 | D:2      | Killed Sigmund
  1442 | D:2      | Reached skill level 5 in Hexes
  1442 | D:2      | Reached XP level 5. HP: 39/39 MP: 4/8
  1442 | D:2      | Reached XP level 6. HP: 45/45 MP: 4/9
  1460 | D:2      | Learned a level 3 spell: Inner Flame
  1465 | D:2      | Learned a level 4 spell: Cause Fear
  2207 | D:3      | Noticed Jessica
  2209 | D:3      | Killed Jessica
  2253 | D:3      | Found a faded altar of an unknown god.
  2291 | D:3      | Reached XP level 7. HP: 51/51 MP: 7/10
  2614 | D:3      | Found a radiant altar of Vehumet.
  2787 | D:3      | Found an ancient bone altar of Kikubaaqudgha.
  2807 | D:3      | Found a shimmering blue altar of Sif Muna.
  2824 | D:3      | Slain by an orc wizard

Illustrated notes

Levels and vault maps discovered:
D:1:      amcnicky_arrival_choice, layout_loops_ring,
          chequers_hall_statues_corner_a, serial_bayou_pond_c
D:2:      wad_river_or_something, layout_loops_ring, uniq_sigmund
D:3:      cheibrodos_greedy_goblins, layout_basic, palyth_temple_overflow_mages,
          basic_ecumenical_altar, chequers_serial_rivers_micro_c, uniq_jessica

Skill      XL: |  1  2  3  4  5  6  7 |
---------------+----------------------+-----
Hexes          | 4 5 |  5.8
Fire Magic     | 2 3 |  3.0
Fighting       | 2 |  2.9
Ranged Weapons | 3 4 |  4.2
Spellcasting   | 2 |  2.5
Dodging        | |  1.7

Action                     |  1- 3 |  4- 6 |  7- 9 || total
---------------------------+-------+-------+-------++-------
  Melee: Unarmed           |       |     2 |       ||     2
   Fire: Sling             |   107 |   142 |    54 ||   303
   Cast: Jinxbite          |     2 |     6 |     2 ||    10
    Use: Potion            |       |       |     1 ||     1
 Armour: Robe              |    26 |    42 |    54 ||   122
  Dodge: Dodged            |    34 |    31 |    26 ||    91

Table legend: (Time is in decaauts)
 A = Elapsed time spent in this place.
 B = Non-inter-level travel time spent in this place.
 C = Inter-level travel time spent in this place.
 D = Time resting spent in this place.
 E = Time spent auto-exploring this place.
 F = Levels seen in this place.
 G = Mean time per level.
                   A        B        C        D        E       F      G
               +--------+--------+--------+--------+--------+-----+--------+
         Total |   2904 |   2793 |    111 |    164 |   1976 |   3 |  968.0 |
       Dungeon |   2904 |   2793 |    111 |    164 |   1976 |   3 |  968.0 |
               +--------+--------+--------+--------+--------+-----+--------+

Top non-repeatable levels by time:
     D:2: 1095 daAuts
     D:1: 935 daAuts
     D:3: 873 daAuts
